 Dungeon Crawl Stone Soup version 0.28.0-62-gf88900778d (webtiles) character file.

Game seed: 10814860303143100002

586167 cbfl8 the Minotaur Barricade (level 26, -6/290 (292) HPs)
             Began as a Minotaur Berserker on Oct 4, 2023.
             Was the Champion of Trog.
             Mangled by a dread lich (7 damage)
             ... on level 5 of the Realm of Zot.
             The game lasted 02:00:18 (96089 turns).

cbfl8 the Minotaur Barricade (Minotaur Berserker)  Turns: 96089, Time: 02:00:19

HP:   -6/290 (292)  AC: 38    Str: 31    XL:     26   Next: 8%
MP:   0/19          EV: 11    Int:  8    God:    Trog [******]
Gold: 5680          SH: 30    Dex: 23    Spells: 25/25 levels left

rFire   + . .      SeeInvis .   m - +7 broad axe "Keluyb" {holy, Int+4}
rCold   . . .      Faith    .   J - +5 kite shield {rC+ rF+}
rNeg    . . .      Spirit   .   i - +9 plate armour of the Equinox {Rampage rElec}
rPois   +          Reflect  +   (helmet restricted)
rElec   +          Harm     .   t - +2 cloak {rCorr}
rCorr   +          Rampage  +   H - +2 pair of gloves {infuse}
Will    ++...      Rnd*Tele +   c - +2 pair of boots {Fly}
Stlth   ..........              a - amulet of reflection
HPRegen 0.58/turn               v - +6 ring of dexterity
MPRegen 0.16/turn               G - ring of Qidoery {Wiz +Blink rC- Str+8 Stlth+}

@: on berserk cooldown, flying, slowed, studying 2 skills, lightly drained, very
slow
A: horns 2, retaliatory headbutt, clumsy 1, deformed body, low MP 1,
strong-willed 1, poison resistance, robust 1, teleportitis 1, weak 1
}: 3/15 runes: decaying, silver, gossamer
a: Renounce Religion, Evoke Blink, Berserk, Trog's Hand, Brothers in Arms


You were on level 5 of the Realm of Zot.
You worshipped Trog.
Trog was exalted by your worship.
You visited 9 branches of the dungeon, and saw 48 of its levels.
You visited the Abyss 3 times.
You also visited: Trove, Gauntlet and Ice Cave.

You collected 7838 gold pieces.
You spent 2158 gold pieces at shops.

Inventory:

Hand Weapons
 m - the +7 broad axe "Keluyb" (weapon) {holy, Int+4}
   (You took it off a deep elf death mage on level 5 of the Vaults)

   It has been blessed by the Shining One to cause great damage to the undead
   and demons.
   Int:       It affects your intelligence (+4).
 x - the +4 broad axe of Urgency {spect, rN+ Dex+2}
   (You took it off a deep elf sorcerer on level 3 of the Elven Halls)

   When its wielder attacks, the weapon's spirit leaps out and strikes again.
   The spirit shares a part of any damage it takes with its wielder.
   Dex:       It affects your dexterity (+2).
   rN:        It protects you from negative energy.
 y - a +9 antimagic broad axe
Armour
 c - a +2 pair of boots of flying (worn)
 g - the +5 tower shield of the Lily {+Inv rElec rF- rN++}
   (You acquired it on level 1 of the Realm of Zot)

   rF:        It makes you vulnerable to fire.
   rElec:     It insulates you from electricity.
   rN:        It greatly protects you from negative energy.
   +Inv:      It lets you turn invisible.
 i - the +9 plate armour of the Equinox (worn) {Rampage rElec}
   (You bought it in a shop on level 2 of the Orcish Mines)

   rElec:     It insulates you from electricity.
   Rampage:   It bestows one free step when moving towards enemies.
 t - a +2 cloak of preservation (worn)
 H - a +2 pair of gloves of infusion (worn)
 J - a +5 kite shield of resistance (worn)
Jewellery
 a - an amulet of reflection (around neck)
 v - a +6 ring of dexterity (left hand)
 G - the ring of Qidoery (right hand) {Wiz +Blink rC- Str+8 Stlth+}
   (You found it on level 2 of the Depths)

   [ring of wizardry]

   It improves your spell success rate.
   Str:       It affects your strength (+8).
   rC:        It makes you vulnerable to cold.
   +Blink:    It lets you blink.
   Stlth:     It makes you more stealthy.
Wands
 e - a wand of polymorph (28)
 h - a wand of acid (5)
 s - a wand of flame (37)
 w - a wand of iceblast (36)
 A - a wand of charming (3)
 I - a wand of mindburst (14)
 M - a wand of digging (15)
 Q - a wand of paralysis (12) (quivered)
Scrolls
 b - 2 scrolls of summoning
 d - 8 scrolls of teleportation
 k - a scroll of holy word
 n - 7 scrolls of fear
 o - 6 scrolls of fog
 L - 7 scrolls of silence
 O - 2 scrolls of magic mapping
 P - a scroll of blinking
Potions
 f - 8 potions of curing
 j - 2 potions of heal wounds
 l - 4 potions of might
 q - 6 potions of ambrosia
 r - 9 potions of mutation
 u - 2 potions of invisibility
 C - 4 potions of cancellation
 E - 2 potions of resistance
 F - a potion of berserk rage
 K - 9 potions of haste
Miscellaneous
 p - a phantom mirror
 B - a piece from Xom's chessboard (15/15)
 D - a phial of floods
 R - a phial of floods
 S - a lightning rod (4/4)
 U - a tin of tremorstones (2/2)
 V - a box of beasts
 W - a condenser vane


   Skills:
 O Level 27 Fighting
 - Level 18.8 Axes
 + Level 26.0 Armour
 - Level 3.0 Dodging
 O Level 27 Shields
 + Level 1.4 Unarmed Combat
 * Level 20.5 Evocations


You had 25 spell levels left.
You didn't know any spells.
Your spell library was empty.

Dungeon Overview and Level Annotations

Branches:
Dungeon (15/15)            Temple (0/1) D:6            Lair (6/6) D:11
  Swamp (4/4) Lair:4       Spider (4/4) Lair:4        Slime (0/5) Lair:5
    Orc (2/2) D:11            Elf (3/3) Orc:2        Vaults (5/5) D:13
  Crypt (0/3) Vaults:2     Depths (4/4) D:15            Zot (5/5) Depths:4
  IceCv (visited)         Gauntlet (visited)

Altars:
Gozag
Makhleb
Nemelex Xobeh
Trog
Xom
The Shining One
Jiyva

Shops:
D:4 *   D:7 *   D:14 (   Orc:1 [*   Orc:2 *[=(   Elf:1 *   Elf:2 =   Elf:3 *!!
Vaults:4 (   Zot:5 *   Depths:4 (

Portals:
Hell: Depths:1 Depths:2 Depths:3 Depths:4
Abyss: Depths:3
Pandemonium: Depths:1 Depths:2
Ziggurat: Depths:2

Annotations:
D:7 2 transporters, cbfl8's ghost, amateur MiFi
D:14 Roxanne
Elf:2 3 runed translucent doors
Depths:4 6 transporters


Innate Abilities, Weirdness & Mutations

You have a pair of horns on your head.
You reflexively headbutt those who attack you in melee.
You are clumsy. (Dex -2)
Armour fits poorly on your strangely shaped body.
Your magical capacity is low. (-10% MP)
You are strong-willed. (Will+)
Your system is resistant to poisons. (rPois)
You are robust. (+10% HP)
You are occasionally teleported next to monsters.
You are weak. (Str -2)


Message History

The Killer Klown convulses!
Your body is wracked with pain!
* * * LOW HITPOINT WARNING * * *
The white draconian convulses!
Unknown command.
You carve the orb of fire like a ham!!! Your headbutt misses the orb of fire.
The orb of fire is almost destroyed.
You hear a roar!
An orb of fire comes into view.
You miss the orb of fire. Your headbutt misses the orb of fire.
The orb of fire is almost destroyed.
You slash something!
The Killer Klown blinks!
The orb of fire glows deep purple.
The bolt of fire hits you!!! You resist.
* * * LOW HITPOINT WARNING * * *
You hit the orb of fire.
You headbutt the orb of fire, but do no damage.
The orb of fire is almost destroyed.
You hit something but do no damage. Something touches you.
* * * LOW HITPOINT WARNING * * *
You feel drained.
The Ice Fiend calls on the powers of darkness!
Your body is wracked with pain!
* * * LOW HITPOINT WARNING * * *
The white draconian convulses!
The Killer Klown convulses!
You barely miss the orb of fire.
The orb of fire is almost destroyed.
You barely miss something.
The orb of fire glows deep purple.
The bolt of fire hits you!! You resist.
* * * LOW HITPOINT WARNING * * *
The Killer Klown beckons to you. Something completely misses you.
You are no longer berserk.
You are exhausted.
You feel yourself slow down.
The orb of fire emits a lurid red light.
Strange energies course through your body.
You feel less energetic. Something touches you!
You die...

**,,,...^...........## #.^.....
*,,,,................# ##......
*,,,,................# #......
*,,,,......^.....)...# ##......
*,,,,^.......1..^.^..# #.......
*,,,,..........§.....# ##....^..
*,,,,..^.......*.....###........
**,,,........d...p..###...######
**,,.......*..@...##)...##
**,[.................###
**.....##▓▓▓▓▓▓▓▓▓▓▓#
**,..^..,,,,,,,,,****
**,,....,,,,,,,,,,,,,***
**,,,....,,,,,,,,,,,,,,,**
*,,,,,,,,,,,,,,,,,,,,,,,,* *****
*,,,,,,,,,,,,,,,^,,,,,,,,***,,,,
**,,,,,^,,,,,,,,,^,,,^,,,**,,,^,


You could see 2 orbs of fire, a Killer Klown, an Ice Fiend (summoned) and a
white draconian.

Vanquished Creatures
  An orb of fire (Zot:5)
  An ancient lich (Zot:5)
  The ghost of zackoid the Spry, a legendary DjFE of Ashenzari (Zot:5)
  A juggernaut (Depths:4)
  The ghost of Apraschont the Conqueror, a veteran MiFi of Gozag (Depths:1)
  A Killer Klown (Zot:5)
  Margery (Vaults:4)
  Saint Roka (Orc:2)
  4 caustic shrikes
  5 curse toes
  2 bone dragons
  8 golden dragons
  The ghost of Estriext the Executioner, an adept MiGl of Gozag (Depths:1)
  The ghost of Uraxtalo the Executioner, an adept MiBe of Trog (Depths:1)
  An iron giant (Depths:1)
  3 electric golems
  Jorgrun (Spider:2)
  Rupert (D:14)
  11 tentacled monstrosities
  10 Orb Guardians (Zot:5)
  4 liches
  7 quicksilver dragons
  2 deep elf master archers (Elf:3)
  2 deep elf blademasters (Elf:3)
  10 titans
  9 death cobs
  Agnes (D:15)
  2 tentacled starspawn (Abyss:3)
  10 sphinxes
  22 storm dragons
  6 tengu reavers
  15 shadow dragons
  A fenstrider witch (Swamp:3)
  A thorn hunter (Swamp:3)
  3 draconian monks
  Donald (Orc:2)
  7 fire giants
  2 azure jellies (Vaults:1)
  A draconian knight (Zot:3)
  7 deep elf sorcerers
  A balrug (Depths:1)
  4 draconian scorchers
  20 vault wardens
  3 iron dragons
  8 frost giants
  6 draconian shifters
  2 emperor scorpions (Spider:4)
  3 orc warlords
  8 ghost moths
  A ghoul (D:14)
  3 draconian stormcallers
  4 draconian annihilators
  5 deep elf elementalists (Elf:3)
  2 broodmothers (Spider:4)
  A spriggan defender (Depths:3)
  2 war gargoyles
  A stone giant (shapeshifter) (Vaults:5)
  19 ironbound preservers
  10 ironbound thunderhulks
  2 vampire knights
  9 green draconians
  5 eleionomae
  18 stone giants
  9 black draconians
  Nessos (D:13)
  A lorocyproca (Abyss:3)
  27 very ugly things
  7 deep elf demonologists
  6 entropy weavers
  12 white draconians
  4 deep elf annihilators
  5 purple draconians
  9 yellow draconians
  A minotaur (Gauntlet)
  An entropy weaver (shapeshifter) (Depths:4)
  2 bunyips
  15 dire elephants
  5 spark wasps
  8 red draconians
  8 deep elf death magi
  5 ettins
  2 blizzard demons (IceCv)
  8 fire dragons
  6 deep elf high priests
  4 great orbs of eyes
  11 yaktaur captains
  38 vault guards
  3 rakshasas
  11 hydras
  A juggernaut simulacrum (Vaults:1)
  9 boulder beetles
  An anaconda (Lair:6)
  12 ice dragons
  2 catoblepae
  A caustic shrike simulacrum (IceCv)
  Erica (D:11)
  7 ghost crabs
  14 ironbound frosthearts
  10 centaur warriors
  6 ogre magi
  5 jorogumos
  3 spriggan air magi
  A death knight (Abyss:3)
  8 two-headed ogres
  2 radroaches (Spider:4)
  9 dancing weapons
  7 alligators
  5 tengu warriors
  6 deep troll earth magi
  A death scarab (Gauntlet)
  5 deep troll shamans
  6 death yaks (Lair:6)
  Urug (D:11)
  2 shock serpents (Vaults:1)
  2 vampire magi (Depths:2)
  4 spriggan berserkers
  24 hell knights
  3 wretched stars (Abyss:3)
  3 orc high priests (Orc:2)
  3 thrashing horrors (Abyss:3)
  17 deep elf knights
  2 shadow wraiths (Vaults:5)
  A sun moth (Spider:3)
  6 iron trolls
  2 death drakes
  5 pharaoh ants
  3 skeletal warriors
  6 steelbarb worms
  5 starcursed masses (Abyss:3)
  A goliath frog (Swamp:1)
  3 spriggan druids
  A spatial maelstrom (Abyss:3)
  57 deep trolls
  A deep troll (shapeshifter) (Vaults:5)
  3 spriggan simulacra (IceCv)
  7 deep elf archers
  3 flayed ghosts
  3 swamp dragons
  5 glowing orange brains
  2 obsidian statues
  3 harpies (Vaults:4)
  9 bog bodies
  21 ironbound convokers
  6 orb spiders
  20 lindwurms
  17 wizards
  4 spectral hydras (Swamp:4)
  9 orc knights
  10 phantasmal warriors
  22 deep elf pyromancers
  A golden dragon skeleton (Vaults:1)
  9 necromancers
  A wolf spider zombie (D:14)
  7 large abominations (Abyss:3)
  19 deep elf zephyrmancers
  48 ugly things
  A tengu skeleton (Vaults:1)
  8 orc sorcerers
  A shining eye (shapeshifter) (Depths:2)
  An oklob plant (Lair:6)
  18 wolf spiders
  A salamander (shapeshifter) (Vaults:5)
  3 worldbinders
  An iron dragon skeleton (Vaults:1)
  16 moths of wrath
  3 cyclopes
  3 manticores
  A sphinx skeleton (Vaults:2)
  3 will-o-the-wisps (Swamp:4)
  A frost giant skeleton (Vaults:2)
  Joseph (D:7)
  2 ice statues (Vaults:1)
  A rust devil (Depths:1)
  4 smoke demons (Abyss:3)
  A moth of wrath (shapeshifter) (Depths:3)
  24 vault sentinels
  3 centaur zombies
  4 black mambas
  9 apocalypse crabs (Zot:2)
  A gargoyle (D:12)
  9 elephants (Lair:6)
  2 naga magi (D:15)
  2 centaur skeletons (D:15)
  An eye of devastation (Depths:2)
  6 torpor snails
  16 cane toads
  3 entropy weaver simulacra (IceCv)
  3 unseen horrors
  51 yaktaurs
  3 rime drakes
  An efreet (Abyss:3)
  10 komodo dragons
  A komodo dragon (shapeshifter) (D:13)
  5 ice devils (IceCv)
  6 demonic crawlers
  6 kobold demonologists
  A tengu conjurer (Depths:3)
  A golden dragon simulacrum (IceCv)
  4 swamp worm zombies (Swamp:4)
  An anaconda simulacrum (Vaults:1)
  7 freezing wraiths
  A queen bee (Gauntlet)
  2 ancient zymes (Abyss:3)
  3 hydra zombies
  2 hellwings
  2 guardian mummies (D:14)
  A troll (shapeshifter) (Elf:2)
  9 polar bears (Lair:6)
  4 meliai
  A shadow dragon simulacrum (Vaults:1)
  12 trolls
  7 hornets
  15 tyrant leeches
  29 blink frogs
  A hornet (shapeshifter) (Depths:3)
  A sphinx simulacrum (Vaults:1)
  22 tarantellas
  31 slime creatures
  A snapping turtle (shapeshifter) (Vaults:2)
  2 spectral swamp dragons (Swamp:4)
  An alligator zombie (Swamp:4)
  16 dream sheep
  6 raiju
  A human simulacrum (Vaults:2)
  30 jumping spiders
  Sigmund (D:4)
  A harpy skeleton (D:15)
  A jumping spider (shapeshifter) (Elf:2)
  A spriggan (shapeshifter) (D:14)
  2 centaur simulacra
  An ettin skeleton (Vaults:2)
  4 flying skulls (Gauntlet)
  3 shadows
  5 water elementals
  67 yaks
  19 culicivoras
  4 spriggans
  A ynoxinul (Depths:1)
  7 air elementals
  4 wraiths
  3 wyverns
  A fire bat (shapeshifter) (D:13)
  A basilisk (Lair:2)
  2 chaos spawn (Abyss:3)
  6 fire elementals
  65 redbacks
  10 minotaur simulacra (IceCv)
  Menkaure (D:7)
  14 vampire mosquitoes
  2 steam dragons
  14 wargs
  A harpy simulacrum (Vaults:1)
  A spectral cane toad (Gauntlet)
  An acid dragon (D:11)
  20 swamp worms
  A spatial vortex (Abyss:3)
  23 water moccasins
  13 hell hounds (Lair:6)
  3 swamp drakes
  5 floating eyes
  Duvessa (D:7)
  16 black bears
  An ettin simulacrum (IceCv)
  A fire dragon simulacrum (Vaults:1)
  51 orc warriors
  5 swamp dragon zombies (Swamp:4)
  4 sky beasts
  A human zombie (Vaults:2)
  A boggart (Vaults:1)
  6 ogres
  An alligator simulacrum (IceCv)
  18 wolves
  11 centaurs
  9 small abominations
  6 phantoms
  4 kobold brigands
  4 scorpions
  11 bullfrogs
  9 deep troll simulacra (IceCv)
  3 earth elementals
  Dowan (D:7)
  2 water moccasin skeletons (D:5)
  3 lindwurm simulacra (IceCv)
  16 killer bees
  5 wights (D:10)
  3 howler monkeys (D:8)
  An elephant simulacrum (Vaults:1)
  A gnoll shaman (D:5)
  A hound (D:6)
  32 orc priests
  A bullfrog skeleton (D:5)
  A jelly (D:7)
  An iron imp (Abyss:3)
  5 iguanas
  26 orc wizards
  A spectral swamp drake (Swamp:4)
  2 troll simulacra (Vaults:1)
  4 lightning spires (Vaults:1)
  A hound zombie (D:5)
  3 mummies (D:14)
  Robin (D:4)
  A swamp drake zombie (Swamp:4)
  4 gnolls (D:5)
  2 naga simulacra (Vaults:1)
  5 adders
  2 shadow imps
  A white imp (Abyss:3)
  3 ufetubi
  An adder skeleton (D:4)
  A worm (D:5)
  87 orcs
  5 endoplasms
  8 giant cockroaches
  15 goblins
  6 hobgoblins
  2 jackals (D:5)
  15 kobolds
  2 quokkas
  7 ball pythons
  5 bats
  6 frilled lizards
  5 rats
  A ball lightning (Vaults:1)
  A butterfly (Lair:6)
  A lurking horror (Abyss:3)
  3 starspawn tentacles (Abyss:3)
2239 creatures vanquished.

Vanquished Creatures (collateral kills)
  A bone dragon (Swamp:4)
  Snorg (D:11)
2 creatures vanquished.

Vanquished Creatures (others)
  A quicksilver dragon (Zot:3)
  2 draconian knights
  A vampire knight (Depths:4)
  2 ogre magi (Vaults:1)
  A ghost crab (Swamp:4)
  A deep elf knight (Elf:3)
  A spriggan druid (Swamp:4)
  2 deep elf pyromancers (Elf:2)
  A mana viper (shapeshifter) (Abyss:3)
  A will-o-the-wisp (Swamp:4)
  A moth of wrath (Zot:2)
  3 bloated husks (Swamp:4)
  2 hornets (Swamp:4)
  A spriggan (Swamp:4)
  2 swamp worms
  A swamp drake (Swamp:4)
  A black mamba simulacrum (Abyss:3)
  A boggart (Vaults:1)
  2 orc wizards (Orc:2)
  A ball lightning (Vaults:1)
  3 demonic plants (Abyss:3)
  18 foxfires (Swamp:4)
  57 fungi
  101 plants
  5 starspawn tentacles (Abyss:3)
  5 withered plants
217 creatures vanquished.

Grand Total: 2458 creatures vanquished

Notes
Turn   | Place    | Note
-------+----------+-------------------------------------------
     0 | D:1      | cbfl8 the Minotaur Berserker began the quest for the Orb.
     0 | D:1      | Reached XP level 1. HP: 19/19 MP: 0/0
   156 | D:1      | Reached XP level 2. HP: 27/27 MP: 1/1
   626 | D:1      | Reached XP level 3. HP: 33/33 MP: 2/2
  1371 | D:2      | Reached skill level 1 in Evocations
  1660 | D:2      | Found a faded altar of an unknown god.
  2009 | D:2      | Reached ** piety under Trog
  2221 | D:3      | Reached skill level 5 in Axes
  2221 | D:3      | Reached XP level 4. HP: 32/41 MP: 3/3
  3137 | D:4      | Reached XP level 5. HP: 47/47 MP: 4/4
  3231 | D:4      | Noticed Robin
  3249 | D:4      | Killed Robin
  3249 | D:4      | Noticed Sigmund
  3269 | D:4      | Killed Sigmund
  3270 | D:4      | Reached skill level 5 in Fighting
  3270 | D:4      | Reached XP level 6. HP: 26/56 MP: 5/5
  3583 | D:4      | Found Jedixt's General Store.
  3587 | D:4      | Bought a scroll of identify for 22 gold pieces
  3587 | D:4      | Bought a scroll of identify for 22 gold pieces
  4017 | D:5      | Entered Level 5 of the Dungeon
  4102 | D:5      | Reached XP level 7. HP: 42/61 MP: 6/6
  4725 | D:5      | Reached *** piety under Trog
  5421 | D:5      | Reached skill level 5 in Armour
  5750 | D:5      | Reached XP level 8. HP: 67/70 MP: 7/7
  6396 | D:6      | Found a staircase to the Ecumenical Temple.
  6704 | D:6      | Found a burning altar of Makhleb.
  6857 | D:7      | Reached skill level 1 in Shields
  6908 | D:7      | Found a transporter.
  6919 | D:7      | Noticed a moth of wrath
  6919 | D:7      | Noticed cbfl8's ghost (amateur MiFi)
  6936 | D:7      | Found a transporter.
  6960 | D:7      | Noticed Dowan
  6963 | D:7      | Noticed Duvessa
  6970 | D:7      | Killed Dowan
  6977 | D:7      | Killed Duvessa
  7156 | D:4      | Bought a scroll of brand weapon for 220 gold pieces
  7224 | D:7      | Noticed a two-headed ogre
  7230 | D:7      | Killed a two-headed ogre
  7231 | D:7      | Reached skill level 5 in Evocations
  7231 | D:7      | Reached XP level 9. HP: 79/79 MP: 8/8
  7273 | D:7      | Noticed a troll
  7277 | D:7      | Killed a troll
  7381 | D:7      | Reached skill level 10 in Axes
  7572 | D:7      | Noticed Menkaure
  7579 | D:7      | Killed Menkaure
  7624 | D:7      | Found Sorgh's General Store.
  7631 | D:7      | Noticed Joseph
  7641 | D:7      | Killed Joseph
  8389 | D:8      | Identified the +7 long sword of Karma {freeze, SInv}
  8931 | D:9      | Reached XP level 10. HP: 75/88 MP: 9/9
  8957 | D:9      | Noticed a two-headed ogre
  8966 | D:9      | Killed a two-headed ogre
  9327 | D:9      | Reached **** piety under Trog
  9475 | D:10     | Entered Level 10 of the Dungeon
  9756 | D:10     | Reached skill level 5 in Shields
  9890 | D:10     | Noticed a manticore
  9894 | D:10     | Killed a manticore
  9959 | D:10     | Reached XP level 11. HP: 71/95 MP: 10/10
 10345 | D:11     | Noticed Urug
 10346 | D:11     | Paralysed by a hornet for 1 turns
 10509 | D:11     | Found a staircase to the Orcish Mines.
 10523 | D:11     | Killed Urug
 10601 | D:11     | Paralysed by a hornet for 2 turns
 10705 | D:10     | Noticed a soul eater
 10849 | D:11     | Reached skill level 10 in Armour
 10869 | D:11     | Found a staircase to the Lair.
 11188 | D:11     | Noticed Erica
 11195 | D:11     | Killed Erica
 11205 | D:11     | Noticed Snorg
 11217 | D:11     | Killed Snorg
 11786 | D:12     | Found a gate leading to a gauntlet.
 11803 | Gauntlet | Entered a Gauntlet
 11803 | Gauntlet | Noticed a necromancer
 11803 | Gauntlet | Noticed a death scarab
 11803 | Gauntlet | Noticed a death yak
 11803 | Gauntlet | Found a transporter.
 11803 | Gauntlet | Found a transporter.
 11803 | Gauntlet | Found a transporter.
 11805 | Gauntlet | Noticed a death yak
 11807 | Gauntlet | Found a transporter.
 11807 | Gauntlet | Found a transporter.
 11807 | Gauntlet | Noticed a death yak
 11807 | Gauntlet | Noticed a death yak
 11809 | Gauntlet | Found a large runed translucent door.
 11810 | Gauntlet | Found a large runed translucent door.
 11811 | Gauntlet | Found a large runed translucent door.
 11811 | Gauntlet | Found a large runed translucent door.
 11811 | Gauntlet | Found a runed translucent door.
 11811 | Gauntlet | Found a runed translucent door.
 11811 | Gauntlet | Noticed a wizard
 11811 | Gauntlet | Noticed a death yak
 11812 | Gauntlet | Found a large runed translucent door.
 11812 | Gauntlet | Found a large runed translucent door.
 11812 | Gauntlet | Found a large runed translucent door.
 11812 | Gauntlet | Found a large runed translucent door.
 11813 | Gauntlet | Found a large runed translucent door.
 11814 | Gauntlet | Found a large runed translucent door.
 11818 | Gauntlet | Found a transporter.
 11824 | Gauntlet | Found a transporter.
 11826 | Gauntlet | Found a transporter.
 11826 | Gauntlet | Found a large runed translucent door.
 11826 | Gauntlet | Found a large runed translucent door.
 11827 | Gauntlet | Found a large runed translucent door.
 11827 | Gauntlet | Found a large runed translucent door.
 11827 | Gauntlet | Found a large runed translucent door.
 11828 | Gauntlet | Found a large runed translucent door.
 11837 | Gauntlet | Found a runed translucent gate.
 11837 | Gauntlet | Found a runed translucent gate.
 11837 | Gauntlet | Found a runed translucent gate.
 11839 | Gauntlet | Found a transporter.
 11848 | Gauntlet | Found a transporter.
 11861 | Gauntlet | Noticed a wizard
 11918 | Gauntlet | Found a transporter.
 11943 | Gauntlet | Found a transporter.
 12101 | Gauntlet | Killed a death scarab
 12565 | Gauntlet | Reached XP level 12. HP: 106/106 MP: 11/11
 12635 | Gauntlet | Noticed a minotaur
 12646 | Gauntlet | Killed a minotaur
 12833 | D:12     | Reached skill level 10 in Fighting
 13413 | D:13     | Noticed a centaur warrior
 13430 | D:13     | Killed a centaur warrior
 13494 | D:13     | Noticed a centaur warrior
 13509 | D:13     | Killed a centaur warrior
 13681 | D:13     | Noticed Nessos
 13692 | D:13     | Killed Nessos
 13693 | D:13     | Reached skill level 15 in Axes
 13898 | D:13     | Found a portal to a secret trove of treasure.
 14156 | D:13     | Noticed a vault guard
 14156 | D:13     | Noticed a vault guard
 14156 | D:13     | Noticed a vault guard
 14157 | D:13     | Found a gate to the Vaults.
 14157 | D:13     | Noticed a vault guard
 14157 | D:13     | Noticed a vault guard
 14157 | D:13     | Noticed a vault guard
 14158 | D:13     | Noticed a vault guard
 14158 | D:13     | Noticed a vault guard
 14219 | D:13     | Noticed a centaur warrior
 14229 | D:13     | Killed a centaur warrior
 14398 | D:13     | Killed a vault guard
 14399 | D:13     | Reached skill level 10 in Shields
 14477 | D:13     | Killed a vault guard
 14565 | D:13     | Killed a vault guard
 14566 | D:13     | Reached XP level 13. HP: 99/115 MP: 12/12
 15221 | D:14     | Found Wozew's Weapon Boutique.
 15282 | D:14     | Identified Roxanne's Tome of Stones
 15282 | D:14     | Noticed Roxanne
 15506 | D:14     | Found a glowing golden altar of the Shining One.
 15596 | D:14     | Noticed a ghoul
 15612 | D:14     | Killed a ghoul
 16226 | D:15     | Entered Level 15 of the Dungeon
 16226 | D:15     | Noticed Agnes
 16243 | D:15     | Killed Agnes
 16244 | D:15     | Reached skill level 10 in Evocations
 17107 | D:15     | Identified the ring of the Everdark {Fire rElec Int-3
                  | Dex+7}
 17426 | D:15     | Noticed Rupert
 17574 | D:14     | Killed Rupert
 18038 | D:15     | Found a staircase to the Depths.
 18053 | D:15     | Reached XP level 14. HP: 124/125 MP: 13/13
 18231 | Lair:1   | Entered Level 1 of the Lair of Beasts
 19520 | Lair:1   | Reached ***** piety under Trog
 23032 | Lair:4   | Received a gift from Trog
 23160 | Lair:4   | Found a staircase to the Swamp.
 24643 | Lair:4   | Found a hole to the Spider Nest.
 26457 | Lair:5   | Found a staircase to the Slime Pits.
 26457 | Lair:5   | Found a viscous altar of Jiyva.
 27001 | Lair:6   | Entered Level 6 of the Lair of Beasts
 27417 | Lair:6   | Reached XP level 15. HP: 127/134 MP: 14/14
 27788 | Lair:6   | Received a gift from Trog
 29599 | Lair:6   | Found a runed translucent door.
 30351 | Lair:6   | Received a gift from Trog
 31086 | Lair:6   | Reached skill level 15 in Shields
 31687 | Orc:1    | Entered Level 1 of the Orcish Mines
 32038 | Orc:1    | Found Voeka's Antique Armour Shoppe.
 32121 | Orc:1    | Found a burning altar of Makhleb.
 32153 | Orc:1    | Found Ymaraedu's Gadget Gallery.
 32356 | Orc:2    | Entered Level 2 of the Orcish Mines
 32356 | Orc:2    | Noticed Donald
 32356 | Orc:2    | Found a staircase to the Elven Halls.
 32371 | Orc:2    | Killed Donald
 33085 | Orc:2    | Reached ****** piety under Trog
 33428 | Orc:2    | Noticed an orc warlord
 33449 | Orc:1    | Reached XP level 16. HP: 64/147 MP: 15/15
 34263 | Orc:2    | Received a gift from Trog
 35494 | Orc:2    | Noticed Saint Roka
 35865 | D:13     | You paid a toll of 4 scrolls of fog to enter a treasure
                  | trove
 35866 | Trove    | Entered a treasure trove
 35881 | Trove    | Identified the +5 battleaxe "Painatur" {vorpal, rC+}
 35884 | Trove    | Identified the +8 executioner's axe "Laliuruch" {elec,
                  | *Rage rF+ Stlth+}
 35897 | Trove    | Identified the +7 great sword "Giantbane" {protect, rElec
                  | rF- SInv Stlth+}
 35916 | Trove    | Identified the +7 arbalest "Udila" {speed, Str+2}
 35919 | Trove    | Identified the +8 halberd "Qiutzo" {flame, rN+}
 36097 | Orc:2    | Killed Saint Roka
 36175 | Orc:2    | Identified the +8 battleaxe "Bysat" {vorpal, rN+ Will+
                  | Int+4}
 36187 | Orc:2    | Identified the +7 short sword "Ecolecru" {flame, Fly rPois
                  | rF- Str+9}
 36211 | Orc:2    | Received a gift from Trog
 36247 | Orc:2    | Reached skill level 15 in Fighting
 36612 | Orc:2    | Found Pofomiop's Antique Armour Emporium.
 36612 | Orc:2    | Found Ajozum's Antique Weapon Shoppe.
 36614 | Orc:2    | Found Qioz Yta's General Store.
 36614 | Orc:2    | Found Ubbosocs's Jewellery Emporium.
 36640 | Orc:2    | Bought a scroll of blinking for 120 gold pieces
 37598 | Orc:2    | Bought an ichor-stained plate armour for 784 gold pieces
 37598 | Orc:2    | Identified the +9 plate armour of the Equinox {Rampage
                  | rElec} (You bought it in a shop on level 2 of the Orcish
                  | Mines)
 37783 | Swamp:1  | Entered Level 1 of the Swamp
 38405 | Swamp:1  | Received a gift from Trog
 39474 | Swamp:1  | Found the ring of the Hare {EV+8}
 41237 | Swamp:2  | You fall into a shaft and drop 1 floor!
 41386 | Swamp:3  | Reached skill level 15 in Armour
 42440 | Swamp:3  | Noticed a thorn hunter
 42458 | Swamp:3  | Killed a thorn hunter
 42963 | Spider:1 | Entered Level 1 of the Spider Nest
 43718 | Spider:1 | You fall into a shaft and drop 1 floor!
 43751 | Spider:2 | Noticed Jorgrun
 43766 | Spider:2 | Killed Jorgrun
 43780 | Spider:2 | Found a frozen archway.
 43794 | IceCv    | Entered an ice cave
 44643 | IceCv    | Reached XP level 17. HP: 158/158 MP: 12/16
 45346 | IceCv    | Identified the ring "Boritei" {Wiz rPois rF- SInv}
 45726 | Spider:1 | Paralysed by a jorogumo for 3 turns
 46354 | Spider:1 | Identified the +1 robe "Joafulub" {Str-4 Int+3 SInv}
 46496 | Spider:2 | Received a gift from Trog
 49253 | Spider:4 | Entered Level 4 of the Spider Nest
 49791 | Spider:4 | Received a gift from Trog
 50012 | Spider:4 | Gained mutation: Your magical capacity is low. (-10% MP)
                  | [mutagenic glow]
 50165 | Spider:4 | Reached XP level 18. HP: 138/170 MP: 0/15
 50605 | Spider:4 | Received a gift from Trog
 51230 | Spider:4 | Got a gossamer rune of Zot
 51563 | Swamp:4  | Entered Level 4 of the Swamp
 53500 | Swamp:4  | Received a gift from Trog
 53611 | Swamp:4  | Noticed a bone dragon
 53621 | Swamp:4  | Killed a bone dragon
 54175 | Swamp:4  | Got a decaying rune of Zot
 54630 | Vaults:1 | Entered Level 1 of the Vaults
 54731 | Elf:1    | Entered Level 1 of the Elven Halls
 54867 | Elf:1    | Paralysed by an air elemental for 1 turns
 55214 | Elf:1    | Found Reucut's Assorted Antiques.
 55661 | Elf:2    | Received a gift from Trog
 55830 | Elf:2    | Found a runed translucent gate.
 55830 | Elf:2    | Found a runed translucent gate.
 55837 | Elf:2    | Found a runed translucent gate.
 56021 | Elf:2    | Noticed a Tzitzimitl
 56187 | Elf:2    | Found Fealeog's Jewellery Boutique.
 56206 | Elf:2    | Paralysed by an air elemental for 1 turns
 56321 | Elf:2    | Bought a +6 ring of strength for 702 gold pieces
 56879 | Elf:3    | Entered Level 3 of the Elven Halls
 56926 | Elf:3    | Received a gift from Trog
 57188 | Elf:3    | Cast into level 3 of the Abyss (a deep elf demonologist)
 57231 | Abyss:3  | Found a corrupted altar of Lugonu.
 57489 | Abyss:3  | Noticed a bone dragon
 57532 | Abyss:3  | Killed a bone dragon
 57555 | Elf:3    | Escaped the Abyss
 57558 | Elf:3    | Noticed a Tzitzimitl
 57677 | Elf:3    | Found Xuemuf's Assorted Antiques.
 57786 | Elf:3    | Found Ygavina's Distillery.
 57793 | Elf:3    | Reached XP level 19. HP: 66/181 MP: 16/16
 57948 | Elf:3    | Paralysed by an air elemental for 1 turns
 58170 | Elf:3    | Found Culexyce's Distillery.
 58175 | Elf:3    | Bought a scroll of identify for 54 gold pieces
 58178 | Elf:3    | Reached skill level 15 in Evocations
 58178 | Elf:3    | Reached XP level 20. HP: 189/189 MP: 17/17
 58183 | Elf:3    | Bought a potion of heal wounds for 70 gold pieces
 58185 | Elf:3    | Bought a potion of heal wounds for 60 gold pieces
 58634 | Elf:3    | Identified the +4 broad axe of Urgency {spect, rN+ Dex+2}
 58956 | Elf:3    | Cast into level 3 of the Abyss (a deep elf demonologist)
 58966 | Elf:3    | Escaped the Abyss
 59371 | Elf:3    | Received a gift from Trog
 59372 | Elf:3    | Reached skill level 1 in Unarmed Combat
 60099 | Elf:3    | Found the +3 Elemental Staff {rElec rF++ rC++ AC+5}
 60112 | Elf:3    | Identified the +7 giant club "Noakumm Fomu" {flame, rF+
                  | SInv}
 60135 | Elf:3    | Identified the +0 pair of boots of the Iron Devil {Dex+3}
 60744 | Vaults:1 | Cast into level 3 of the Abyss (a wizard)
 60927 | Abyss:3  | Noticed a dread lich
 60934 | Abyss:3  | Gained mutation: Your body sometimes deteriorates upon
                  | taking damage. [a neqoxec]
 61049 | Vaults:1 | Escaped the Abyss
 61449 | Vaults:1 | Lost mutation: Your body sometimes deteriorates upon taking
                  | damage. [potion of mutation]
 61449 | Vaults:1 | Lost mutation: Your magical capacity is low. (-10% MP)
                  | [potion of mutation]
 61449 | Vaults:1 | Gained mutation: You are strong-willed. (Will+) [potion of
                  | mutation]
 61490 | Vaults:1 | Identified the +5 broad axe of Guets {vorpal, rF+ Will+
                  | Str+5} (Trog gifted it to you on level 1 of the Vaults)
 61490 | Vaults:1 | Received a gift from Trog
 62527 | Vaults:1 | Noticed a bone dragon
 62541 | Vaults:1 | Killed a bone dragon
 62566 | Vaults:1 | Received a gift from Trog
 63244 | Vaults:1 | Paralysed by an air elemental for 1 turns
 63820 | Vaults:2 | Found a staircase to the Crypt.
 64010 | Vaults:2 | Reached XP level 21. HP: 190/202 MP: 7/20
 65211 | Vaults:2 | Received a gift from Trog
 67348 | Vaults:3 | Received a gift from Trog
 67454 | Vaults:3 | Paralysed by a sphinx for 5 turns
 69011 | Vaults:4 | Received a gift from Trog
 69738 | Vaults:4 | Reached XP level 22. HP: 215/215 MP: 11/21
 70141 | Vaults:4 | Received a gift from Trog
 70295 | Vaults:4 | Noticed Margery
 70313 | Vaults:4 | Killed Margery
 71098 | Vaults:4 | Found Bempexke's Antique Weapon Emporium.
 71229 | Vaults:4 | Received a gift from Trog
 71707 | Vaults:5 | Entered Level 5 of the Vaults
 72282 | Vaults:5 | Identified the +4 scale mail "Plog" {Will+}
 72333 | Vaults:5 | Received a gift from Trog
 72881 | Vaults:5 | Identified the +7 broad axe "Keluyb" {holy, Int+4}
 72959 | Vaults:5 | Identified the +8 scimitar of the Gnat {vorpal, *Rage Fly
                  | Int+5}
 73173 | Vaults:5 | Reached XP level 23. HP: 206/227 MP: 9/22
 73179 | Vaults:5 | Received a gift from Trog
 73806 | Vaults:5 | Identified the +3 short sword "Unurchy" {antimagic, Int+4}
 73912 | Vaults:5 | Got a silver rune of Zot
 74917 | Depths:1 | Entered Level 1 of the Depths
 74950 | Depths:1 | Found a gateway to Hell.
 75238 | Depths:1 | Found a one-way gate leading to the halls of Pandemonium.
 75240 | Depths:1 | Received a gift from Trog
 75564 | Depths:1 | Found a sparkling altar of Nemelex Xobeh.
 75587 | Depths:1 | Found a runed translucent door.
 75591 | Depths:1 | Noticed Estriext's ghost (adept MiGl)
 76276 | Depths:1 | Found a bloodstained altar of Trog.
 76413 | Depths:1 | Killed Estriext's ghost
 76551 | Depths:1 | Found a runed translucent door.
 76555 | Depths:1 | Noticed Uraxtalo's ghost (adept MiBe)
 76567 | Depths:1 | Killed Uraxtalo's ghost
 76568 | Depths:1 | Reached skill level 27 in Shields
 76651 | Depths:1 | Found a runed translucent door.
 76651 | Depths:1 | Noticed Apraschont's ghost (veteran MiFi)
 76693 | Depths:1 | Killed Apraschont's ghost
 76896 | Depths:2 | Received a gift from Trog
 77182 | Depths:2 | Found a one-way gateway to a ziggurat.
 77188 | Depths:2 | Paralysed by a floating eye for 4 turns
 77194 | Depths:2 | Paralysed by a floating eye for 3 turns
 77202 | Depths:2 | Paralysed by a floating eye for 2 turns
 77205 | Depths:2 | Paralysed by a floating eye for 2 turns
 77208 | Depths:2 | Paralysed by a floating eye for 2 turns
 78610 | Depths:2 | Gained mutation: Your spells are a little easier to cast,
                  | but a little less powerful. [a shining eye]
 78611 | Depths:2 | Gained mutation: You are robust. (+10% HP) [a shining eye]
 78621 | Depths:2 | Gained mutation: You have hidden genetic potential. [a
                  | shining eye]
 78822 | Depths:2 | Reached XP level 24. HP: 226/264 MP: 3/22
 78826 | Depths:2 | Identified the ring of Qidoery {Wiz +Blink rC- Str+8
                  | Stlth+}
 79695 | Depths:3 | Paralysed by a floating eye for 4 turns
 79713 | Depths:3 | Received a gift from Trog
 79895 | Depths:3 | Found a one-way gate to the infinite horrors of the Abyss.
 80865 | Depths:3 | Identified the +3 scale mail of the Robin {rElec rF+ rCorr
                  | Stlth-}
 81560 | Depths:3 | Paralysed by a floating eye for 4 turns
 82216 | Depths:4 | Entered Level 4 of the Depths
 82304 | Depths:4 | Received a gift from Trog
 83162 | Depths:4 | Found Lusaas's Weapon Boutique.
 83689 | Depths:4 | Noticed a juggernaut
 83702 | Depths:4 | Killed a juggernaut
 83703 | Depths:4 | Found a gate to the Realm of Zot.
 83707 | Depths:4 | Reached skill level 27 in Fighting
 83858 | Depths:4 | Found a transporter.
 84290 | Depths:4 | Found a transporter.
 84426 | Depths:4 | Found a transporter.
 84428 | Depths:4 | Found a transporter.
 84527 | Depths:4 | Found a transporter.
 84531 | Depths:4 | Found a transporter.
 84698 | Zot:1    | Entered Level 1 of the Realm of Zot
 85531 | Zot:1    | Received a gift from Trog
 85788 | Zot:1    | Gained mutation: You expend magic power (3 MP) to
                  | strengthen your wands. [hidden potential]
 86638 | Zot:1    | Identified a scroll of acquirement
 86639 | Zot:1    | Acquired the +5 tower shield of the Lily {+Inv rElec rF-
                  | rN++}
 86745 | Zot:1    | Reached XP level 25. HP: 128/282 MP: 0/22
 89820 | Zot:2    | Identified the +10 falchion of the Demagogue {vorpal,
                  | Stlth+}
 91734 | Zot:3    | Found the +6 arbalest "Damnation" {damnation}
 92018 | Zot:3    | Identified the +9 war axe "Reucreaxt" {vorpal, rPois} (Trog
                  | gifted it to you on level 3 of the Realm of Zot)
 92018 | Zot:3    | Received a gift from Trog
 92488 | Zot:5    | Entered Level 5 of the Realm of Zot
 93379 | Zot:4    | Found a shimmering altar of Xom.
 94947 | Zot:5    | Gained mutation: Your system is resistant to poisons.
                  | (rPois) [hidden potential]
 94947 | Zot:5    | Lost mutation: You have hidden genetic potential. [hidden
                  | potential expressed]
 95225 | Zot:5    | Found a runed translucent gate.
 95225 | Zot:5    | Found a runed translucent gate.
 95225 | Zot:5    | Found a runed translucent gate.
 95226 | Zot:5    | Found an opulent altar of Gozag.
 95228 | Zot:5    | Noticed zackoid's ghost (legendary DjFE)
 95229 | Zot:5    | Found Raem Qyh's Assorted Antiques.
 95281 | Zot:5    | Killed zackoid's ghost
 95651 | Zot:5    | Bought a wand of mindburst (6) for 104 gold pieces
 95937 | Zot:5    | Lost mutation: Your spells are a little easier to cast, but
                  | a little less powerful. [mutagenic glow]
 95949 | Zot:5    | Noticed a Killer Klown
 95951 | Zot:5    | Noticed an ancient lich
 95953 | Zot:5    | Reached XP level 26. HP: 274/292 MP: 15/22
 95959 | Zot:5    | Killed an ancient lich
 95971 | Zot:5    | Gained mutation: You are clumsy. (Dex -2) [mutagenic glow]
 96057 | Zot:5    | Noticed an orb of fire
 96057 | Zot:5    | Noticed an orb of fire
 96063 | Zot:5    | Lost mutation: You expend magic power (3 MP) to strengthen
                  | your wands. [an orb of fire]
 96066 | Zot:5    | Gained mutation: You are occasionally teleported next to
                  | monsters. [an orb of fire]
 96067 | Zot:5    | Gained mutation: Armour fits poorly on your strangely
                  | shaped body. [an orb of fire]
 96070 | Zot:5    | Gained mutation: You are weak. (Str -2) [an orb of fire]
 96070 | Zot:5    | Noticed a dread lich
 96077 | Zot:5    | Killed an orb of fire
 96085 | Zot:5    | Noticed an orb of fire
 96088 | Zot:5    | HP: 1/435 [orb of fire/bolt of fire (34)]
 96089 | Zot:5    | Gained mutation: Your magical capacity is low. (-10% MP)
                  | [an orb of fire]
 96089 | Zot:5    | Mangled by a dread lich

Illustrated notes

Levels and vault maps discovered:
D:1:      dpeg_arrival_round_a, layout_basic
D:2:      layout_loops_corners, hellmonk_ecumenical_altar_run_dry
D:3:      layout_loops_ring
D:4:      layout_loops_ring, serial_shops, shop, uniq_robin, uniq_sigmund
D:5:      layout_cave_pods, serial_rivers, chequers_serial_rivers_room_a,
          chequers_serial_rivers_micro_e, chequers_serial_rivers_room_b,
          chequers_serial_rivers_large_b, chequers_serial_rivers_room_b
D:6:      layout_loops_ring, mainiacjoe_overflow_cross_hatched,
          minmay_temple_entry_drinking_statues
D:7:      layout_basic, gammafunk_ghost_berserking_beasts, serial_shops,
          kennysheep_mini, uniq_duvessa, uniq_menkaure, uniq_joseph
D:8:      layout_layer_cave, chequers_serial_rivers_small_b,
          minmay_strange_pillars
D:9:      layout_gridville, minmay_misc_feat_cross
D:10:     layout_stronghold
D:11:     layout_roguey, grunt_lair_entry_orc_guard_hut, david_orc_3,
          uniq_erica, uniq_snorg, uniq_urug
D:12:     layout_basic, gauntlet_entry_generic
D:13:     layout_loops_ring, erik_vaults_2, trove_entry_hex_spiral,
          hangedman_decor_riveting, minivault_19, uniq_nessos
D:14:     layout_small_grid, serial_shops, nicolae_shop_bloodbath_and_beyond,
          serial_undead, serial_undead_a, serial_undead_f, serial_undead_b,
          serial_undead_b, chequers_hall_statues_wall_a, tso_altar, uniq_roxanne
D:15:     grunt_enter_depths_magical_seal, layout_rooms, serial_glass,
          glass_columns_c, glass_columns_a, glass_columns_b, glass_columns_a,
          glass_columns_a, glass_columns_b, uniq_rupert, uniq_agnes
Lair:1:   layout_small_grid, serial_bayou, serial_bayou_shore_a,
          serial_bayou_pond_a, serial_bayou_lagoon_b, serial_bayou_pond_b,
          serial_bayou_pond_e
Lair:2:   layout_chaotic_city, chequers_serial_rivers_micro_c
Lair:3:   layout_roguey, beast_lair_carwin_6, grunt_megastairs_4,
          lemuel_fruit_tree, lemuel_fruit_fields
Lair:4:   layout_roguey, minmay_swamp_entry_worms, spider_nest_entry_webs,
          minmay_stone_trees_small, st_stairs_8
Lair:5:   layout_regular_city, slime_altar_1, grunt_megastairs_1,
          infiniplex_staircase_pool_2
Lair:6:   wormcave, layout_cave_pods, hangedman_lair_caniforms_friends,
          lemuel_fruit_fields, grunt_megastairs_2, serial_bayou_shore_b,
          serial_bayou_shore_b, lemuel_fruit_fields
Swamp:1:  layout_basic_swamp, nicolae_swamp_bean_lake, swamp_pool1,
          nicolae_swamp_necromancy_gone_wrong, infiniplex_staircase_pool
Swamp:2:  layout_basic_swamp, nicolae_swamp_small_spring
Swamp:3:  layout_falls_marsh, nicolae_swamp_some_circles,
          nicolae_swamp_bloodsuckers_inc
Swamp:4:  swamp_pestilence, layout_basic_swamp, swamp_pool5,
          nicolae_swamp_wisp_ring_woods
Spider:1: layout_spider_delve
Spider:2: layout_cave_pods, portal_ice_cave_entry_pillars_four,
          spiders_nest_spider_trap, uniq_jorgrun
Spider:3: layout_spider_delve
Spider:4: grunt_spider_rune_parallel
Orc:1:    layout_diamond_mine, serial_shops, shop_statue, basic_altar,
          nicolae_shop_gadgets
Orc:2:    st_orc_congregation, layout_caves, abandoned_shop,
          minmay_orc_treasury, uniq_donald, uniq_saint_roka
Elf:1:    layout_loops_cross, serial_shops, shop_fountains
Elf:2:    nicolae_elf_blades_splatter_lattice [nicolae_blade_entry_pointy_end],
          layout_loops_cross, serial_shops,
          nicolae_shop_competitors_out_of_business, elves_outpost_lemuel
Elf:3:    grunt_elf_hall_asides, layout_gridlike, minmay_shop_star
Vaults:1: nicolae_vaults_ninety_degrees, v_alt_pattern_6,
          nicolae_vaults_network_quincunx
          [nicolae_vaults_network_quincunx_subvault,
          nicolae_vaults_network_quincunx_subvault,
          nicolae_vaults_network_quincunx_subvault,
          nicolae_vaults_network_quincunx_subvault,
          nicolae_vaults_network_quincunx_subvault], hangedman_vaults_impose,
          nicolae_vaults_little_squares_1, ontoclasm_vaults_ring_square,
          st_more_cells, ontoclasm_vaults_ligature, v_misc_29,
          hangedman_vaults_slice, vaults_room_stairs_pillars, vaults_dpeg_doors,
          v_misc_17, nicolae_vaults_shelves_hall, layout_vaults_big_cross,
          serial_hangedman_research, hangedman_research_thanatology,
          hangedman_research_convocations, hangedman_research_electronics,
          hangedman_research_thermodynamics, serial_shops
Vaults:2: v_misc_8, nicolae_vaults_network_s, minmay_crypt_entry_simple_plaza,
          st_lattice, v_pattern_4, v_alt_pattern_1, v_misc_9, v_misc_2,
          v_misc_30, nicolae_vaults_border_crossing, vaults_room_stairs_pillars,
          layout_vaults_chaotic_city
Vaults:3: nicolae_vaults_circle_grid_b, vaults_standard_mumra_lines, v_misc_32,
          ontoclasm_vaults_hangar, hangedman_vaults_stitches,
          hangedman_vaults_cutoff, nicolae_vaults_know_your_exits, v_misc_23,
          vaults_room_stairs_pillars, hangedman_vaults_hat, grunt_vaults_funnel,
          layout_vaults_maze_bifur
Vaults:4: v_rooms_5, v_pattern_3, v_misc_8, vaults_mumra_minichess, v_rooms_6,
          v_misc_14, hangedman_vaults_capsules, vaults_room_large_hall,
          ontoclasm_vaults_decontamination, nicolae_vaults_triangles,
          layout_vaults_omnibox, serial_shops, nicolae_shop_hallway_stairs,
          uniq_margery
Vaults:5
Depths:1: layout_gridlike, nemelex_altar_shiori, hell_entry,
          rand_demon_pan_entry_5, muffindrake_ghost_three_little_ghosts,
          tgw_trog
Depths:2: minmay_rotating_shell, layout_basic, enter_ziggurat_d, hell_entry,
          chequers_serial_rivers_room_b, pan_entry
Depths:3: nicolae_hexawheel, layout_basic, minmay_misc_feat_rugged, hell_entry,
          abyss_entry, infiniplex_staircase_zigzag_1
Depths:4: evilmike_zot_entry_diamond, layout_long_grid,
          nicolae_concentric_dashed_squares_mild, hell_entry, serial_shops,
          nicolae_shop_hallway_stairs, serial_nicolae_subway,
          nicolae_sub_station_stone, nicolae_sub_station_metal,
          nicolae_sub_station_crystal
Zot:1:    layout_gridlike
Zot:2:    gammafunk_mikee_crab_dinner, layout_onion_interference,
          lemuel_baited_zot_trap
Zot:3:    minmay_elemental_castle, layout_misc_corridors,
          hangedman_zot_decor_tridents, kennysheep_underground_church
Zot:4:    layout_cathedral_of_symmetry, basic_altar, lemuel_baited_zot_trap,
          lemuel_lake_of_fire
Zot:5:    layout_gridville, ebering_ghost_gozag

Skill      XL: |  1  2  3  4  5  6  7  8  9 10 11 12 13 14 15 16 17 18 19 20 21 22 23 24 25 26 |
---------------+-------------------------------------------------------------------------------+-----
Axes           | 4 5 6 8 9 10 12 13 15 16 18 | 18.8
Fighting       | 4 5 7 8 9 10 11 12 14 15 17 18 20 22 23 25 27 | 27.0
Evocations     | 1 2 3 5 7 8 9 10 11 12 13 14 15 16 17 18 19 20 | 20.5
Armour         | 3 5 7 8 9 10 11 12 13 14 15 16 17 18 19 21 25 26 | 26.0
Shields        | 2 3 5 8 10 12 13 15 17 19 21 23 24 26 27 | 27.0
Dodging        | 3 |  3.0
Unarmed Combat | 1 |  1.4

Action                   |  1- 3 |  4- 6 |  7- 9 | 10-12 | 13-15 | 16-18 | 19-21 | 22-24 | 25-27 || total
-------------------------+-------+-------+-------+-------+-------+-------+-------+-------+-------++-------
Melee: Hand axe          |   102 |   121 |   158 |       |       |       |       |       |       ||   381
       Headbutt          |    13 |    15 |    52 |   128 |   374 |   528 |   297 |   595 |   216 ||  2218
       Punch             |     2 |     2 |       |       |       |       |       |       |       ||     4
       Broad axe         |       |       |    62 |   600 |  1429 |  2032 |   977 |  1693 |   582 ||  7375
       Unarmed           |       |       |       |       |       |       |    16 |       |       ||    16
Invok: Berserk           |       |     1 |     4 |    12 |    14 |    18 |     5 |    15 |     8 ||    77
       Trog's Hand       |       |     1 |       |       |     2 |     4 |     2 |     1 |       ||    10
Evoke: Wand              |       |       |       |     9 |    22 |    21 |     6 |     3 |       ||    61
       Phantom mirror    |       |       |       |       |       |     2 |       |       |       ||     2
       Tin of tremorston |       |       |       |       |       |       |       |     1 |       ||     1
  Use: Scroll            |     1 |     2 |     6 |     9 |    19 |    20 |     5 |     9 |     6 ||    77
       Potion            |       |       |       |     5 |     2 |     7 |     3 |     5 |     1 ||    23
 Stab: Paralysed         |       |       |       |       |     5 |       |       |     2 |       ||     7
       Held in net/web   |       |       |       |       |       |     1 |       |       |       ||     1
       Distracted        |       |       |       |       |       |       |    29 |    14 |    15 ||    58
       Confused          |       |       |       |       |       |       |       |     4 |     9 ||    13
Armor: Animal skin       |    12 |    10 |       |       |       |       |       |       |       ||    22
       Scale mail        |       |    36 |    74 |       |       |       |       |       |       ||   110
       Plate armour      |       |       |    23 |       |       |   827 |   232 |   449 |   200 ||  1731
       Chain mail        |       |       |    12 |   455 |   873 |    70 |       |       |       ||  1410
       Skin              |       |       |       |       |       |       |     3 |       |       ||     3
Dodge: Dodged            |    83 |    51 |   102 |   267 |   377 |   707 |   232 |   278 |   122 ||  2219
Block: Buckler           |       |     3 |    34 |       |       |       |       |       |       ||    37
       Tower shield      |       |       |     1 |   648 |   293 |       |       |       |       ||   942
       Reflection        |       |       |       |       |    24 |    61 |    66 |    58 |     7 ||   216
       Kite shield       |       |       |       |       |  1253 |  2045 |   761 |  1404 |   549 ||  6012
